 Dungeon Crawl Stone Soup version 0.30.1-6-gbe392663c4 (webtiles) character file.

Game seed: 17499690528530361758

1673035 LordWeiramon the Slayer (level 27, 273/273 HPs)
             Began as a Hill Orc Earth Elementalist on Sept 20, 2023.
             Was the Champion of Ashenzari.
             Escaped with the Orb
             ... and 3 runes!
             The game lasted 06:16:23 (79408 turns).

LordWeiramon the Slayer (HOEE)                     Turns: 79408, Time: 06:16:24

Health: 273/273    AC: 41    Str: 34    XL:     27
Magic:  9/9        EV: 27    Int: 15    God:    Ashenzari [******]
Gold:   3413       SH: 27    Dex: 21    Spells: 32/33 levels left

rFire   + + +        a - +12 trident of Ashenzari's Loss {antimagic, *Rage rElec rF++ rN+, Melee, Cun} (curse)
rCold   + . .        e - +0 tower shield of Ashenzari's Adversity {Melee, Evo} (curse)
rNeg    + . .        W - +7 plate armour of Ashenzari's Comet {rPois, Self, Cun} (curse)
rPois   +            Y - +2 hat of the Oracular Mutualism {Will+, Cun, Self} (curse)
rElec   +            K - +2 cloak "Ensconced Together" {rF+ rCorr, Cun, Evo} (curse)
rCorr   +            y - +1 pair of gloves of Ashenzari's Augurer {Fort, Range} (curse)
SInv    +            O - +1 pair of boots "I Knew You'd Do That" {rElec Str+5, Evo, Bglg} (curse)
Will    +++++        o - amulet "Omen of Ashenzari" {Spirit Rampage rC+ Will++ Stlth-, Range, Evo} (curse) Stlth
                     A - ring of the Eye in the Sky {Contam +Blink Will++ Str+8 Slay+4, Alch, Melee} (curse)
HPRegen 0.65/turn    F - ring of Ashenzari's Anxiety {Dex+6, Melee, Evo} (curse)
MPRegen 0.11/turn

%: clarity, guardian spirit, rampage
@: studying 2 skills
A: no striking features
0: Orb of Zot
}: 3/15 runes: decaying, silver, gossamer
a: Renounce Religion, Evoke Blink, Shatter the Chains


You escaped.
You worshipped Ashenzari.
Ashenzari was exalted by your worship.
You visited 10 branches of the dungeon, and saw 50 of its levels.
You visited the Abyss 1 time.
You also visited: Bailey and Volcano.

You collected 8849 gold pieces.
You spent 5436 gold pieces at shops.

Inventory:

Hand Weapons
 a - the cursed +12 trident of Ashenzari's Loss (weapon) {antimagic, *Rage rElec rF++ rN+, Melee, Cun}
   (You bought it in a shop on level 6 of the Dungeon)

   rF:        It greatly protects you from fire.
   rElec:     It insulates you from electricity.
   rN:        It protects you from negative energy.
   *Rage:     It berserks you when you make melee attacks (+20% chance).
   It has a curse which improves the following skills: Melee Combat: Short
   Blades, Long Blades, Axes, Maces & Flails, Polearms, Staves and Unarmed
   Combat.
   Cunning:   Dodging and Stealth.
 b - a +9 antimagic demon trident
Missiles
 x - 4 throwing nets (quivered)
Armour
 e - the cursed +0 tower shield of Ashenzari's Adversity (worn) {Melee, Evo}
   (You took it off an orc warlord on level 2 of the Orcish Mines)

   It has a curse which improves the following skills: Melee Combat: Short
   Blades, Long Blades, Axes, Maces & Flails, Polearms, Staves and Unarmed
   Combat.
   Evocations: Evocations.
 y - the cursed +1 pair of gloves of Ashenzari's Augurer (worn) {Fort, Range}
   (You found it on level 5 of the Dungeon)

   It has a curse which improves the following skills: Fortitude: Armour and
   Shields.
   Ranged Combat: Ranged Weapons and Throwing.
 K - the cursed +2 cloak "Ensconced Together" (worn) {rF+ rCorr, Cun, Evo}
   (You found it on level 1 of the Depths)

   rF:        It protects you from fire.
   rCorr:     It protects you from acid and corrosion.
   It has a curse which improves the following skills: Cunning: Dodging and
   Stealth.
   Evocations: Evocations.
 O - the cursed +1 pair of boots "I Knew You'd Do That" (worn) {rElec Str+5, Evo, Bglg}
   (You acquired it on level 1 of the Realm of Zot)

   Str:       It affects your strength (+5).
   rElec:     It insulates you from electricity.
   It has a curse which improves the following skills: Evocations: Evocations.
   Beguiling: Conjurations, Hexes and Translocations.
 W - the cursed +7 plate armour of Ashenzari's Comet (worn) {rPois, Self, Cun}
   (You found it on level 5 of the Vaults)

   It has a curse which improves the following skills: Introspection: Fighting
   and Spellcasting.
   Cunning:   Dodging and Stealth.
 Y - the cursed +2 hat of the Oracular Mutualism (worn) {Will+, Cun, Self}
   (You found it on level 4 of the Spider Nest)

   It has a curse which improves the following skills: Cunning: Dodging and
   Stealth.
   Introspection: Fighting and Spellcasting.
Jewellery
 o - the cursed amulet "Omen of Ashenzari" (around neck) {Spirit Rampage rC+ Will++ Stlth-, Range, Evo}
   (You found it on level 1 of the Depths)

   [amulet of guardian spirit]

   It causes incoming damage to be divided between your reserves of health and
   magic.
   rC:        It protects you from cold.
   Rampage:   It bestows one free step when moving towards enemies.
   Will:      It greatly increases your willpower.
   Stlth:     It makes you less stealthy.
   It has a curse which improves the following skills: Ranged Combat: Ranged
   Weapons and Throwing.
   Evocations: Evocations.
 u - the ring of Bilisygry {rElec rPois rF+ rC- rN++}
   (You found it on level 1 of the Depths)

   [ring of protection from fire]

   rF:        It protects you from fire.
   rC:        It makes you vulnerable to cold.
   rElec:     It insulates you from electricity.
   rPois:     It protects you from poison.
   rN:        It greatly protects you from negative energy.
 A - the cursed ring of the Eye in the Sky (left hand) {Contam +Blink Will++ Str+8 Slay+4, Alch, Melee}
   (You acquired it on level 5 of the Vaults)

   [ring of slaying]

   Str:       It affects your strength (+8).
   Slay:      It affects your accuracy & damage with ranged weapons and melee
   (+4).
   +Blink:    It lets you blink.
   Contam:    It causes magical contamination when unequipped.
   Will:      It greatly increases your willpower.
   It has a curse which improves the following skills: Alchemy: Poison Magic and
   Transmutations.
   Melee Combat: Short Blades, Long Blades, Axes, Maces & Flails, Polearms,
   Staves and Unarmed Combat.
 F - the cursed ring of Ashenzari's Anxiety (right hand) {Dex+6, Melee, Evo}
   (You found it on level 3 of the Lair of Beasts)

   [ring of dexterity]

   Dex:       It affects your dexterity (+6).
   It has a curse which improves the following skills: Melee Combat: Short
   Blades, Long Blades, Axes, Maces & Flails, Polearms, Staves and Unarmed
   Combat.
   Evocations: Evocations.
 T - the ring of Mistrust {rPois rF+ rN+}
   (You took it off a deep elf elementalist on level 3 of the Elven Halls)

   [ring of poison resistance]

   rF:        It protects you from fire.
   rPois:     It protects you from poison.
   rN:        It protects you from negative energy.
 V - the ring "Kotsyos" {rF++ rC+ Will+}
   (You took it off a deep elf annihilator on level 5 of the Vaults)

   [ring of protection from cold]

   rF:        It greatly protects you from fire.
   rC:        It protects you from cold.
   Will:      It increases your willpower.
Wands
 c - a wand of roots (32)
 r - a wand of acid (21)
 D - a wand of digging (26)
 M - a wand of mindburst (54)
 P - a wand of polymorph (14)
 Q - a wand of charming (58)
 U - a wand of flame (88)
Scrolls
 q - 6 scrolls of fear
 t - 10 scrolls of poison
 v - 5 scrolls of magic mapping
 w - 31 scrolls of teleportation
 C - 2 scrolls of silence
 H - 11 scrolls of fog
 J - 7 scrolls of blinking
 N - 7 scrolls of summoning
Potions
 d - 6 potions of cancellation
 f - 6 potions of ambrosia
 g - 12 potions of attraction
 h - 15 potions of mutation
 i - 13 potions of heal wounds
 j - 29 potions of curing
 l - 15 potions of flight
 m - 7 potions of invisibility
 p - 3 potions of might
 s - 5 potions of resistance
 B - 5 potions of magic
 E - 3 potions of haste
 S - 6 potions of berserk rage
Miscellaneous
 n - a lightning rod (4/4)
 z - a phial of floods
 G - a phantom mirror
 I - a tin of tremorstones (2/2)
 R - a box of beasts


   Skills:
 - Level 25.2(27) Fighting
 - Level 22.8(27) Polearms
 - Level 3.2(6.3) Throwing
 - Level 25.0(27) Armour
 - Level 22.4(27) Dodging
 - Level 1.5(5.0) Stealth
 - Level 25.1(27) Shields
 - Level 1.5(3.9) Spellcasting
 - Level 0.6(1.7) Transmutations
 - Level 3.0 Earth Magic
 + Level 12.1(18.7) Evocations


You had 32 spell levels left.
You knew the following spells:

 Your Spells              Type           Power      Damage    Failure   Level
a - Sandblast             Erth           22%        2d7       13%         1

Your spell library contained the following spells:

 Spells                   Type           Power      Damage    Failure   Level
 Passwall                 Tmut/Erth      8%         N/A       26%         2
 Sting                    Tmut/Pois      24%        1d4       28%         1
 Apportation              Tloc           6%         N/A       36%         1
 Magic Dart               Conj           12%        1d3       36%         1
 Foxfire                  Conj/Fire      12%        2x1d4     38%         1
 Shock                    Conj/Air       12%        1d3       38%         1
 Necrotise                Necr           8%         1d4       41%         1
 Summon Small Mammal      Summ           8%         N/A       41%         1
 Blink                    Tloc           6%         N/A       52%         2
 Lesser Beckoning         Tloc           6%         N/A       52%         2
 Momentum Strike          Conj/Tloc      6%         3d8       52%         2
 Ensorcelled Hibernation  Hex/Ice        6%         N/A       54%         2
 Static Discharge         Conj/Air       6%         2-3/arc   54%         2
 Call Imp                 Summ           4%         N/A       56%         2
 Stone Arrow              Conj/Erth      14%        3d7       56%         3
 Spider Form              Tmut/Pois      6%         N/A       65%         3
 Ignite Poison            Fire/Tmut/Pois 5%         N/A       69%         3
 Dazzling Flash           Conj/Hex       6%         N/A       75%         3
 Gell's Gravitas          Tloc           3%         N/A       75%         3
 Portal Projectile        Hex/Tloc       6%         N/A       75%         3
 Teleport Other           Tloc           3%         N/A       75%         3
 Inner Flame              Hex/Fire       3%         N/A       77%         3
 Mephitic Cloud           Conj/Pois/Air  3%         N/A       77%         3
 Vhi's Electric Charge    Tloc/Air       6%         N/A       77%         3
 Volatile Blastmotes      Fire/Tloc      6%         2d10      77%         3
 Call Canine Familiar     Summ           2%         N/A       80%         3
 Ozocubu's Armour         Ice            2%         N/A       80%         3
 Swiftness                Air            2%         N/A       80%         3
 Vampiric Draining        Necr           2%         2d6       80%         3
 Petrify                  Tmut/Erth      10%        N/A       86%         4
 Leda's Liquefaction      Hex/Erth       3%         N/A       92%         4
 Animate Armour           Summ/Erth      14%        N/A       94%         4
 Iskenderun's Mystic Bla  Conj/Tloc      3%         2d3       98%         4
 Manifold Assault         Tloc           3%         N/A       98%         4
 Passage of Golubria      Tloc           3%         N/A       98%         4
 Airstrike                Air            1%         2d(1-17)  99%         4
 Anguish                  Hex/Necr       1%         N/A       99%         4
 Flame Wave               Conj/Fire      3%         2d5       99%         4
 Sticky Flame             Conj/Fire      3%         2d3       99%         4
 Summon Ice Beast         Ice/Summ       2%         N/A       99%         4
 Summon Lightning Spire   Summ/Air       2%         N/A       99%         4
 Agony                    Necr           2%         N/A       100%        5
 Alistair's Intoxication  Tmut/Pois      4%         N/A       100%        5
 Arcjolt                  Conj/Air       1%         1d11      100%        5
 Fireball                 Conj/Fire      1%         3d3       100%        5
 Irradiate                Conj/Tmut      3%         3d12      100%        5
 Metabolic Englaciation   Hex/Ice        1%         N/A       100%        5
 Silence                  Hex/Air        1%         N/A       100%        5
 Summon Forest            Summ/Tloc      1%         N/A       100%        5
 Summon Mana Viper        Hex/Summ       3%         N/A       100%        5
 Yara's Violent Unravell  Hex/Tmut       3%         3d4       100%        5
 Dispersal                Tloc           1%         N/A       100%        6
 Eringya's Noxious Bog    Tmut/Pois      3%         N/A       100%        6
 Plasma Beam              Fire/Air       1%         2x1d12    100%        6
 Starburst                Conj/Fire      1%         6d3       100%        6
 Statue Form              Tmut/Erth      6%         N/A       100%        6
 Dragon Form              Tmut           4%         N/A       100%        7
 Enfeeble                 Hex            1%         N/A       100%        7
 Monstrous Menagerie      Summ           1%         N/A       100%        7
 Ozocubu's Refrigeration  Ice            1%         4d7       100%        7
 Storm Form               Tmut/Air       2%         N/A       100%        7
 Summon Hydra             Summ           1%         N/A       100%        7
 Borgnjor's Revivificati  Necr           1%         N/A       100%        8
 Disjunction              Tloc           1%         N/A       100%        8
 Ignition                 Fire           1%         3d3       100%        8
 Lehudib's Crystal Spear  Conj/Erth      3%         10d3      100%        8
 Maxwell's Capacitive Co  Air            1%         ∞         100%        8
 Necromutation            Tmut/Necr      2%         N/A       100%        8
 Death's Door             Necr           1%         N/A       100%        9


Dungeon Overview and Level Annotations

Branches:
Dungeon (15/15)            Temple (0/1) D:6            Lair (5/5) D:10
  Swamp (4/4) Lair:2       Spider (4/4) Lair:2        Slime (0/5) Lair:5
    Orc (2/2) D:12            Elf (3/3) Orc:2        Vaults (5/5) D:13
  Crypt (3/3) Vaults:3       Tomb (0/3) Crypt:3      Depths (4/4) D:15
    Zot (5/5) Depths:4     Bailey (visited)         Volcano (visited)

Altars:
Ashenzari
Dithmenos
Elyvilon
Fedhas
Gozag
Kikubaaqudgha
Sif Muna
Uskayaw
Vehumet
Wu Jian
Yredelemnul
Zin
Beogh
Jiyva

Shops:
D:6 =(:   D:15 =   Orc:2 (:*   Elf:2 :!*[   Vaults:1 :   Vaults:4 [   Zot:3 **
Depths:2 [:((?   Depths:4 ?!

Portals:
Hell: Depths:1 Depths:2 Depths:3 Depths:4
Abyss: Vaults:1 Depths:1 Depths:3
Pandemonium: Orc:2 Depths:2 Depths:4
Ziggurat: Depths:1
Trove: D:11 (give +2 gold dragon scales)


Message History

(V) Vaults (C) Crypt (W) Tomb (U) Depths (H) Hell (Z) Zot
Where to? (Enter - D:1, ? - help)
There is an escape hatch in the ceiling here.
A mysterious force pulls you upwards. The hatch slams shut behind you.
There is a stone staircase leading up here.
You climb upwards.
You sense a monster nearby.
There is a stone staircase leading down here.
An Orb Guardian comes into view.
You puncture the Orb Guardian!
The Orb Guardian is lightly wounded.
You block the Orb Guardian's attack.
You miss the Orb Guardian.
The Orb Guardian is lightly wounded.
You impale the Orb Guardian!!
The Orb Guardian is heavily wounded.
You block the Orb Guardian's attack.
You puncture the Orb Guardian!
The Orb Guardian is severely wounded.
You block the Orb Guardian's attack.
You impale the Orb Guardian!!
The Orb Guardian is almost dead.
You block the Orb Guardian's attack.
You barely miss the Orb Guardian.
The Orb Guardian is almost dead.
The Orb Guardian hits you but does no damage.
You impale the Orb Guardian!!
You kill the Orb Guardian!
(D) Dungeon (T) Temple (L) Lair (S) Swamp (N) Spider Nest (M) Slime Pits (O) Orcish Mines (E) Elven Halls (V) Vaults (C) Crypt (W) Tomb (U) Depths (H) Hell (Z) Zot
Where to? (Enter - D:1, ? - help)
There is a stone staircase leading up here.
You climb upwards.
There is a stone staircase leading down here.
There is an open door here.
There is a staircase leading out of the dungeon here.
You have escaped!

#..####.# #.# ##..
#....##.# ############.#
#... #.##.##.#
#............# #...
#.##.##.###..........#.#
#...
#.......##.............#
#...
#.##.##........###...###
#...
#.##....####..##.##..#
##.. #.#####.#
#..#...#..##### #.#
#.#####.#
#..+.@.'......######.#
#.......#
#..#...#..#...........
#######.#
#..##.##..#.#.######.#
#.# #...###...#.#.# #..
#.# #.........#.#.# ##.
#.####.........#.#.#
###.
#...)..............#
#...
################.###
#... #.# #...


There were no monsters in sight!

Vanquished Creatures
  6 dread liches
  3 ancient liches (Zot:5)
  3 orbs of fire (Zot:5)
  Mennas (Vaults:5)
  The ghost of Foeroudum the Conqueror, a master MfBe of Trog (Zot:3)
  Boris (Vaults:5)
  Vv (Depths:4)
  Margery (Vaults:4)
  Sojobo (Crypt:3)
  2 Killer Klowns (Zot:5)
  Saint Roka (Vaults:4)
  Bai Suzhen (Vaults:4)
  A caustic shrike (Depths:2)
  2 curse toes (Zot:5)
  15 golden dragons
  Jory (Crypt:3)
  Arachne (Spider:4)
  A bone dragon (Depths:4)
  the Enchantress (Depths:1)
  A shard shrike zombie (Crypt:3)
  21 tentacled monstrosities
  A hellephant (Vaults:1)
  A walking crystal tome (Depths:4)
  2 electric golems (Zot:5)
  Jorgrun (Elf:1)
  Mlioglotl (Swamp:2)
  4 liches
  Zenata (Crypt:2)
  A deep elf blademaster (Elf:3)
  29 Orb Guardians
  A deep elf master archer (Elf:3)
  The ghost of Jingleheimer the Alchemist, an adept OpTm of Gozag (Elf:3)
  5 quicksilver dragons
  4 titans (Vaults:5)
  2 ancient champions (Crypt:2)
  9 death cobs
  Agnes (D:15)
  An Executioner (Vaults:1)
  Kirke (Swamp:2)
  6 sphinxes
  2 thorn hunters
  5 tengu reavers
  12 shadow dragons
  4 revenants
  Roxanne (D:15)
  3 draconian monks
  20 storm dragons
  5 iron dragons
  14 fire giants
  3 fenstrider witches (Swamp:4)
  7 deep elf sorcerers (Elf:3)
  A balrug (Depths:4)
  14 draconian knights
  7 emperor scorpions
  6 draconian scorchers
  9 draconian shifters
  10 vault wardens
  2 ghouls
  6 frost giants
  4 orc warlords
  5 draconian stormcallers
  Louise (D:15)
  10 ghost moths
  6 deep elf elementalists (Elf:3)
  8 draconian annihilators
  A curse skull (Crypt:3)
  3 spriggan defenders (Depths:1)
  22 very ugly things
  A war gargoyle (Vaults:5)
  2 reapers (Depths:3)
  Nessos (D:15)
  The ghost of Squincus the Fencer, a journeyman MiFi of the Shining One (Vaults:1)
  3 broodmothers
  11 ironbound preservers
  18 stone giants
  19 vampire knights
  4 eleionomae
  16 white draconians
  6 ironbound thunderhulks
  12 red draconians
  9 deep elf demonologists
  16 spark wasps
  7 deep elf annihilators
  8 green draconians
  4 bunyips
  15 purple draconians
  5 dire elephants
  19 yellow draconians
  5 black draconians
  A bunyip (shapeshifter) (Vaults:5)
  2 blizzard demons (Swamp:4)
  10 deep elf death magi
  Snorg (D:14)
  2 green deaths
  10 jiangshi
  3 crystal guardians
  6 eidola
  6 ettins
  3 deep elf high priests
  16 yaktaur captains
  9 great orbs of eyes
  2 shambling mangroves
  28 vault guards
  17 fire dragons
  An entropy weaver (shapeshifter) (Vaults:5)
  A great orb of eyes (shapeshifter) (Vaults:5)
  3 fenstrider witch zombies (Crypt:2)
  3 entropy weavers
  8 ice dragons
  2 ghost crabs (Swamp:4)
  13 hydras
  Fannar (Lair:2)
  A radroach (Spider:4)
  A spriggan zombie (Crypt:3)
  6 spriggan air magi
  4 rakshasas
  2 peacekeepers
  3 catoblepae
  3 ogre magi (Vaults:5)
  A bennu zombie (Crypt:1)
  4 jorogumos (Spider:4)
  3 boulder beetles
  Erica (D:8)
  10 centaur warriors
  6 ironbound frosthearts
  30 dancing weapons
  5 two-headed ogres
  9 alligators
  10 vampire magi
  13 deep troll earth magi
  9 deep troll shamans
  A titan zombie (Crypt:2)
  A death yak (shapeshifter) (Vaults:5)
  7 death yaks
  10 tengu warriors
  8 orc high priests
  7 spriggan berserkers
  12 soul eaters
  A skyshark (Lair:2)
  A sun demon (Depths:4)
  18 spriggans
  10 hell knights
  23 deep elf knights
  A sun moth (Spider:2)
  5 pharaoh ants
  A bunyip zombie (Crypt:2)
  10 iron trolls
  A shadow wraith (Crypt:3)
  38 skeletal warriors
  An anaconda zombie (Crypt:3)
  A spark wasp zombie (Crypt:2)
  48 deep trolls
  A sixfirhy (Swamp:4)
  4 goliath frogs
  A deep troll (shapeshifter) (Vaults:5)
  4 swamp dragons
  9 spriggan druids
  An anaconda skeleton (Crypt:1)
  23 orb spiders
  2 bog bodies
  11 orc knights
  3 flayed ghosts
  14 deep elf archers
  7 steelbarb worms
  A shadow dragon zombie (Crypt:3)
  22 phantasmal warriors
  3 glowing orange brains
  5 necromancers
  8 lindwurms
  An obsidian statue (Zot:3)
  Pikel (D:8)
  A jorogumo zombie (Crypt:3)
  16 ironbound convokers
  21 deep elf pyromancers
  An iron giant skeleton (Crypt:1)
  13 wizards
  A sphinx zombie (Vaults:4)
  36 deep elf zephyrmancers
  3 harpies (Vaults:1)
  24 ugly things
  A faun (shapeshifter) (D:12)
  2 will-o-the-wisps
  23 wolf spiders
  2 shining eyes (shapeshifter)
  A draconian zombie (Crypt:3)
  A wolf spider (shapeshifter) (Vaults:5)
  4 cyclopes
  13 orc sorcerers
  An eleionoma zombie (Crypt:3)
  2 manticores
  37 moths of wrath
  2 dire elephant zombies
  30 elephants
  A titan simulacrum (Crypt:2)
  A naga zombie (Crypt:2)
  10 demonic crawlers
  5 toenail golems (Volcano)
  7 gargoyles
  13 vault sentinels
  6 torpor snails
  A centaur zombie (Crypt:2)
  14 cane toads
  An alligator snapping turtle zombie (Crypt:3)
  2 black mambas
  A minotaur zombie (Crypt:3)
  2 large abominations (Vaults:1)
  2 human zombies (Vaults:4)
  2 orange demons (Swamp:4)
  A smoke demon (Depths:4)
  3 hellions
  A black draconian zombie (Crypt:3)
  20 yaktaurs
  3 efreet
  2 naga skeletons (Crypt:2)
  6 rime drakes
  10 komodo dragons
  A green draconian skeleton (Crypt:1)
  3 tengu conjurers
  5 freezing wraiths
  10 unseen horrors
  3 kobold demonologists
  A red devil (Orc:2)
  2 ice devils
  3 harpy zombies
  A bloated husk (Swamp:4)
  4 meliai
  9 trolls
  A mana viper skeleton (Crypt:1)
  29 tarantellas
  A culicivora zombie (Crypt:2)
  9 tyrant leeches
  A raiju (shapeshifter) (D:13)
  A hydra skeleton (Abyss:4)
  2 hellwings (Swamp:4)
  20 hornets
  7 blink frogs
  An ettin zombie (Crypt:3)
  2 polar bears
  A human simulacrum (Vaults:1)
  7 dream sheep
  A dream sheep (shapeshifter) (Vaults:5)
  4 flying skulls
  25 slime creatures
  4 vampires
  A culicivora (shapeshifter) (D:14)
  33 jumping spiders
  25 culicivoras
  15 wraiths
  11 water elementals
  2 air elementals (Elf:1)
  5 basilisks
  5 wyverns
  6 hogs (Swamp:2)
  52 yaks
  Grum (D:8)
  52 redbacks
  3 steam dragons
  4 fire elementals
  A redback (shapeshifter) (Vaults:5)
  A neqoxec (Orc:2)
  3 chaos spawn (Swamp:4)
  9 vampire mosquitoes
  A yaktaur simulacrum (Vaults:4)
  15 swamp worms
  6 wargs
  5 acid dragons
  11 water moccasins
  Duvessa (D:6)
  An elephant zombie (Lair:3)
  2 ice beasts
  3 sky beasts
  46 orc warriors
  4 black bears
  A cane toad skeleton (Crypt:2)
  4 swamp drakes
  10 boggarts (Vaults:1)
  A wolf (shapeshifter) (Vaults:4)
  12 ogres
  A swamp dragon skeleton (Crypt:1)
  21 centaurs
  26 wolves
  5 kobold brigands
  A komodo dragon zombie (Crypt:2)
  A salamander zombie (Crypt:3)
  2 necrophages (Crypt:1)
  A draconian skeleton (Crypt:3)
  35 scorpions
  Blork the orc (D:4)
  8 bullfrogs
  A gnoll sergeant (D:11)
  An elf skeleton (Crypt:1)
  4 earth elementals
  12 wights
  Dowan (D:6)
  16 killer bees
  A killer bee (shapeshifter) (Vaults:5)
  8 howler monkeys
  4 electric eels (D:10)
  A lava snake (Lair:3)
  6 jellies
  A gnoll bouda (D:4)
  28 orc priests
  10 hounds
  2 basilisk zombies (Lair:3)
  Jessica (D:2)
  7 hell rats (Lair:4)
  A sleepcap (D:6)
  11 iguanas
  28 orc wizards
  A killer bee zombie (Crypt:2)
  An acid dragon skeleton (Crypt:1)
  2 hound skeletons
  9 gnolls
  3 adders
  A white imp (D:6)
  An ufetubus (D:4)
  2 worms (D:2)
  A dart slug (D:3)
  109 orcs
  10 ball pythons
  6 endoplasms
  3 giant cockroaches
  14 goblins
  2 hobgoblins
  4 quokkas
  8 bats
  4 frilled lizards
  A giant cockroach zombie (Crypt:2)
  A goblin zombie (Crypt:2)
  A hobgoblin zombie (Crypt:2)
  17 kobolds
  A kobold zombie (Crypt:1)
  A quokka skeleton (Crypt:3)
  10 rats
  2 butterflies (Lair:1)
  A fire vortex (Depths:1)
  A lurking horror (Vaults:1)
2428 creatures vanquished.

Vanquished Creatures (collateral kills)
  Asterion (Spider:3)
  Donald (Swamp:3)
  2 vampire knights (Crypt:3)
  A shambling mangrove (Swamp:4)
  A skeletal warrior (Crypt:3)
  A swamp worm (Swamp:3)
7 creatures vanquished.

Vanquished Creatures (others)
  An ice dragon (Depths:1)
  3 deep elf knights (Elf:3)
  A wizard (Volcano)
  2 deep elf pyromancers
  4 bloated husks
  A spriggan (Swamp:2)
  2 orcs (Elf:1)
  12 foxfires
26 creatures vanquished.

Grand Total: 2461 creatures vanquished

Notes
Turn   | Place    | Note
-------+----------+-------------------------------------------
     0 | D:1      | LordWeiramon the Hill Orc Earth Elementalist began the
                  | quest for the Orb.
     0 | D:1      | Reached XP level 1. HP: 14/14 MP: 3/3
   162 | D:1      | Reached skill level 1 in Fighting
   302 | D:1      | Reached XP level 2. HP: 24/24 MP: 2/4
  1015 | D:2      | Identified the +6 sling "Xauvvoha" {drain, Fly}
  1026 | D:2      | Reached XP level 3. HP: 31/31 MP: 5/5
  1289 | D:2      | Noticed Jessica
  1291 | D:2      | Killed Jessica
  1292 | D:2      | Reached XP level 4. HP: 41/41 MP: 6/6
  1601 | D:3      | Found a shimmering blue altar of Sif Muna.
  1881 | D:3      | Reached skill level 5 in Fighting
  2166 | D:4      | Found a radiant altar of Vehumet.
  2199 | D:4      | Found a glowing silver altar of Zin.
  2346 | D:4      | Reached XP level 5. HP: 48/48 MP: 7/7
  2790 | D:4      | Noticed Blork the orc
  2800 | D:4      | Killed Blork the orc
  2801 | D:4      | Reached XP level 6. HP: 60/60 MP: 8/8
  3025 | D:5      | Entered Level 5 of the Dungeon
  3057 | D:5      | Found a broken altar of Ashenzari.
  3060 | D:5      | Became a worshipper of Ashenzari the Shackled
  3182 | D:4      | Reached XP level 7. HP: 69/69 MP: 9/9
  3362 | D:5      | Identified the +7 quarterstaff "Keextir" {flame, rElec
                  | rCorr}
  3638 | D:5      | Reached skill level 10 in Fighting
  3929 | D:6      | Found Vihol's Book Boutique.
  3989 | D:6      | Reached XP level 8. HP: 79/79 MP: 10/10
  4001 | D:6      | Reached skill level 1 in Polearms
  4008 | D:6      | Noticed Dowan
  4144 | D:6      | Found an opulent altar of Gozag.
  4400 | D:6      | Found a staircase to the Ecumenical Temple.
  4573 | D:6      | Noticed Duvessa
  4661 | D:6      | Killed Dowan
  4672 | D:6      | Killed Duvessa
  4838 | D:6      | Reached XP level 9. HP: 85/90 MP: 11/11
  5093 | D:6      | Reached * piety under Ashenzari
  5093 | D:6      | Identified a scroll of acquirement
  5112 | D:6      | Found Nufodas's Antique Weapon Emporium.
  5112 | D:6      | Found Hoagex's Jewellery Emporium.
  5128 | D:6      | Bought a fading trident for 187 gold pieces
  5128 | D:6      | Identified the +12 trident of Egymi {antimagic, *Rage rElec
                  | rF++ rN+} (You bought it in a shop on level 6 of the
                  | Dungeon)
  5741 | D:7      | Reached skill level 5 in Polearms
  6462 | D:7      | Reached XP level 10. HP: 99/99 MP: 7/12
  6990 | D:8      | Found a blossoming altar of Fedhas.
  6995 | D:8      | Reached skill level 5 in Armour
  7060 | D:8      | Found an ornate altar of the Wu Jian Council.
  7061 | D:8      | Found a shadowy altar of Dithmenos.
  7062 | D:8      | Found a flagged portal.
  7062 | D:8      | Noticed Erica
  7067 | D:8      | Killed Erica
  7070 | D:8      | Reached ** piety under Ashenzari
  7077 | Bailey   | Entered a bailey
  7814 | Bailey   | Reached skill level 10 in Polearms
  8369 | D:8      | Reached XP level 11. HP: 105/105 MP: 7/13
  8719 | D:8      | Noticed Grum
  8723 | D:8      | Reached skill level 10 in Armour
  8732 | D:8      | Killed Grum
  8773 | D:8      | Found a hide-covered altar of Uskayaw.
  9039 | D:6      | Bought a ring of protection from fire for 250 gold pieces
  9170 | D:9      | Noticed Pikel
  9187 | D:8      | Killed Pikel
  9483 | D:9      | Reached *** piety under Ashenzari
  9596 | D:9      | Identified the +11 rapier of Pestilence {protect, Drain
                  | Int+2 Dex+4}
  9847 | D:6      | Bought a +4 ring of protection for 360 gold pieces
  9937 | D:10     | Entered Level 10 of the Dungeon
  9944 | D:10     | Found a staircase to the Lair.
 10220 | D:10     | Found a white marble altar of Elyvilon.
 10364 | D:10     | Noticed a two-headed ogre
 10372 | D:10     | Killed a two-headed ogre
 10420 | D:10     | Reached **** piety under Ashenzari
 10781 | D:10     | Reached XP level 12. HP: 100/113 MP: 4/14
 10800 | D:10     | Reached skill level 1 in Shields
 10988 | D:10     | Found a basalt altar of Yredelemnul.
 11087 | D:11     | Noticed a two-headed ogre
 11099 | D:10     | Killed a two-headed ogre
 11208 | D:11     | Noticed a two-headed ogre
 11222 | D:11     | Killed a two-headed ogre
 11223 | D:11     | Reached skill level 5 in Shields
 11413 | D:11     | Noticed a two-headed ogre
 11418 | D:11     | Killed a two-headed ogre
 11419 | D:11     | Reached skill level 15 in Armour
 11424 | D:11     | Found a portal to a secret trove of treasure.
 11785 | Lair:1   | Entered Level 1 of the Lair of Beasts
 11785 | Lair:1   | Found a basalt altar of Yredelemnul.
 11786 | Lair:1   | Upgraded the game from 0.30.1-5-ged363bc7ee to
                  | 0.30.1-6-gbe392663c4
 11913 | Lair:1   | Identified the +6 glaive of the Valley {venom, Contam
                  | Fragile rElec rF++}
 12801 | Lair:2   | Noticed a skyshark
 12820 | Lair:2   | Killed a skyshark
 13027 | Lair:2   | Reached skill level 1 in Evocations
 13158 | Lair:2   | Noticed Fannar
 13257 | Lair:2   | Killed Fannar
 13258 | Lair:2   | Reached XP level 13. HP: 119/119 MP: 5/15
 13382 | Lair:2   | Found a hole to the Spider Nest.
 13562 | Lair:2   | Reached skill level 5 in Evocations
 13736 | Lair:2   | Reached skill level 10 in Shields
 13856 | Lair:2   | Found a staircase to the Swamp.
 14100 | Lair:3   | Found a dark tunnel.
 14110 | Volcano  | Entered a volcano
 14547 | Lair:3   | Reached skill level 5 in Dodging
 16064 | Lair:4   | Reached XP level 14. HP: 116/127 MP: 5/16
 16582 | Lair:4   | Reached ***** piety under Ashenzari
 17090 | Lair:5   | Entered Level 5 of the Lair of Beasts
 17090 | Lair:5   | Found a staircase to the Slime Pits.
 17128 | Lair:5   | Found a viscous altar of Jiyva.
 17224 | Lair:5   | Reached skill level 1 in Throwing
 18649 | Lair:5   | Reached XP level 15. HP: 131/143 MP: 6/19
 18756 | Lair:5   | Identified the +7 halberd "Ribol" {protect, rC+ Str+3}
 18945 | Lair:5   | Identified the ring of Onneshe {MP+9 Str+3}
 19122 | Lair:5   | Reached skill level 15 in Fighting
 20297 | D:12     | Found a roughly hewn altar of Beogh.
 20297 | D:12     | Found a staircase to the Orcish Mines.
 21077 | D:13     | Found a gate to the Vaults.
 21561 | D:14     | Reached skill level 10 in Dodging
 22057 | D:14     | Noticed Snorg
 22071 | D:14     | Killed Snorg
 22204 | D:14     | Found a blossoming altar of Fedhas.
 22324 | D:15     | Entered Level 15 of the Dungeon
 22567 | D:15     | Noticed Agnes
 22579 | D:15     | Killed Agnes
 22676 | D:15     | Noticed Louise
 22698 | D:15     | Killed Louise
 22800 | D:15     | Reached XP level 16. HP: 162/162 MP: 7/21
 22835 | D:15     | Found Pecruk's Jewellery Shoppe.
 22853 | D:15     | Bought a ring of protection from cold for 375 gold pieces
 22900 | D:15     | Noticed Nessos
 22905 | D:15     | Killed Nessos
 23258 | D:15     | Identified Roxanne's Precepts of Shapeshifting
 23258 | D:15     | Noticed Roxanne
 23313 | D:15     | Found a staircase to the Depths.
 23420 | D:15     | Killed Roxanne
 23516 | Orc:1    | Entered Level 1 of the Orcish Mines
 23564 | Orc:2    | Entered Level 2 of the Orcish Mines
 23743 | Orc:2    | Found a staircase to the Elven Halls.
 24599 | Orc:2    | Found Pashaa's General Store.
 24602 | Orc:2    | Found Deboc's Distillery.
 24627 | Orc:2    | Bought 2 potions of might for 136 gold pieces
 24629 | Orc:2    | Bought a potion of curing for 48 gold pieces
 24629 | Orc:2    | Bought a potion of might for 64 gold pieces
 24629 | Orc:2    | Bought a potion of mutation for 128 gold pieces
 24629 | Orc:2    | Bought a potion of might for 64 gold pieces
 24629 | Orc:2    | Bought a potion of curing for 48 gold pieces
 24629 | Orc:2    | Bought a potion of resistance for 160 gold pieces
 24629 | Orc:2    | Bought a potion of mutation for 128 gold pieces
 25278 | Orc:2    | Found Ruell's Antique Weapon Boutique.
 25278 | Orc:2    | Found Nasae's Book Shop.
 25279 | Orc:2    | Found a one-way gate leading to the halls of Pandemonium.
 25513 | Swamp:1  | Entered Level 1 of the Swamp
 25534 | Swamp:1  | Acquired the +0 cloak of the Enchanted Forest {rCorr}
 25536 | Swamp:1  | Acquired a manual of Dodging
 25729 | Swamp:1  | Noticed a thorn hunter
 25751 | Swamp:1  | Killed a thorn hunter
 27016 | Swamp:2  | Reached XP level 17. HP: 125/166 MP: 7/21
 27146 | Swamp:2  | Noticed Mlioglotl
 27146 | Swamp:2  | Noticed Kirke
 27168 | Swamp:2  | Killed Mlioglotl
 27199 | Swamp:2  | Killed Kirke
 27684 | Swamp:3  | Noticed Donald
 27700 | Swamp:3  | Killed Donald
 27762 | Swamp:3  | Identified the +1 leather armour "Ykusir" {+Blink}
 27782 | Swamp:3  | Reached skill level 15 in Dodging
 28580 | Swamp:4  | Entered Level 4 of the Swamp
 28915 | Swamp:4  | Reached skill level 15 in Shields
 29479 | Swamp:4  | Paralysed by a fenstrider witch for 5 turns
 29507 | Swamp:4  | Paralysed by a fenstrider witch for 3 turns
 30109 | Swamp:4  | Noticed a tentacled monstrosity
 30129 | Swamp:4  | Killed a tentacled monstrosity
 30539 | Swamp:4  | Reached XP level 18. HP: 145/173 MP: 7/22
 30638 | Swamp:4  | Got a decaying rune of Zot
 30954 | Spider:1 | Entered Level 1 of the Spider Nest
 31363 | Spider:1 | Identified the +2 sling "Leviticus" {flame, rElec Str-2
                  | Int-4 Dex+6}
 32405 | Spider:1 | Identified the Vellum of the Tectonic Salvo
 35598 | Spider:3 | Noticed Asterion
 35606 | Spider:3 | Killed Asterion
 35818 | Spider:4 | Entered Level 4 of the Spider Nest
 36223 | Spider:4 | Reached XP level 19. HP: 162/189 MP: 7/23
 37027 | Spider:4 | Reached skill level 15 in Polearms
 37475 | Spider:4 | Got a gossamer rune of Zot
 37626 | Spider:4 | Noticed Arachne
 37647 | Spider:4 | Killed Arachne
 38618 | Elf:1    | Entered Level 1 of the Elven Halls
 38851 | Elf:1    | Noticed Jorgrun
 38872 | Elf:1    | Killed Jorgrun
 39654 | Elf:1    | Paralysed by an air elemental for 1 turns
 39660 | Elf:1    | Paralysed by an air elemental for 1 turns
 40176 | Elf:1    | Found a runed translucent gate.
 40176 | Elf:1    | Found a runed translucent gate.
 40176 | Elf:1    | Found a runed translucent gate.
 40176 | Elf:1    | Found a runed translucent gate.
 40176 | Elf:1    | Found a runed translucent gate.
 40189 | Elf:1    | Found a runed translucent gate.
 40314 | Elf:1    | Reached XP level 20. HP: 179/200 MP: 8/24
 40525 | Elf:2    | Found Omecw's Distillery.
 40671 | Elf:2    | Found Kianygo's General Store.
 40677 | Elf:2    | Bought a potion of mutation for 104 gold pieces
 40677 | Elf:2    | Bought a potion of curing for 39 gold pieces
 40677 | Elf:2    | Bought a potion of curing for 39 gold pieces
 40677 | Elf:2    | Bought a potion of curing for 39 gold pieces
 40677 | Elf:2    | Bought a potion of mutation for 104 gold pieces
 40677 | Elf:2    | Bought a potion of curing for 39 gold pieces
 40677 | Elf:2    | Bought a potion of berserk rage for 65 gold pieces
 40677 | Elf:2    | Bought a potion of heal wounds for 65 gold pieces
 40790 | Elf:2    | Found Plog's Antique Armour Shop.
 40796 | Elf:2    | Bought a runed cloak for 247 gold pieces
 41080 | Elf:2    | Found a runed translucent door.
 41149 | Elf:2    | Found Gyuhoc's Book Emporium.
 41286 | Elf:2    | Found a runed translucent door.
 41975 | Elf:3    | Entered Level 3 of the Elven Halls
 42274 | Elf:3    | Found a runed translucent door.
 42274 | Elf:3    | Noticed Jingleheimer's ghost (adept OpTm)
 42552 | Elf:3    | Killed Jingleheimer's ghost
 42801 | Elf:3    | Identified the +7 spear of Midsummer {heavy, rElec rF+++
                  | rC- rCorr}
 42878 | Elf:3    | Identified the ring of Mistrust {rPois rF+ rN+}
 43050 | Abyss:4  | Found an ancient bone altar of Kikubaaqudgha.
 43050 | Abyss:4  | Cast into level 4 of the Abyss (a deep elf sorcerer)
 43080 | Elf:3    | Escaped the Abyss
 43169 | Elf:3    | Noticed a Tzitzimitl
 43650 | Elf:3    | Identified the +8 great mace of the Poles {venom, rN++}
 43707 | Elf:3    | Identified the +5 quarterstaff of Traps {heavy, rPois
                  | Int+2}
 43968 | Elf:3    | Identified the +5 ring mail "Quips" {rF++ Will+}
 44138 | Elf:3    | Reached XP level 21. HP: 214/214 MP: 8/25
 44158 | Elf:3    | Identified the +9 great sword "Newtbane" {venom, rElec
                  | rPois rCorr Int+3}
 44276 | Elf:3    | Identified the staff of poison "Quydum" {rPois Dex+2}
 44342 | Elf:3    | Identified Kaho Ire's Incunabulum of Reshaped Generation
 44409 | Elf:3    | Identified the staff of earth "Ycziren" {rElec Str+2 Int-4
                  | Stlth+}
 44410 | Elf:3    | Identified the +4 scale mail "Keecax" {rElec Str+3 Slay+3}
 44720 | Vaults:1 | Entered Level 1 of the Vaults
 45194 | Vaults:1 | Found Mekhen's Book Shoppe.
 45435 | Vaults:1 | Found a transporter.
 45469 | Vaults:1 | Noticed Squincus's ghost (journeyman MiFi)
 45479 | Vaults:1 | Found a transporter.
 45491 | Vaults:1 | Identified the +1 cloak of Impressiveness {rPois}
 45618 | Vaults:1 | Identified the staff of poison "Paginom" {rPois rF+++}
 48761 | Vaults:3 | Found a staircase to the Crypt.
 49016 | Vaults:3 | Reached XP level 22. HP: 209/231 MP: 8/26
 50037 | Vaults:4 | Noticed Bai Suzhen
 50062 | Vaults:4 | Killed Bai Suzhen
 50160 | Vaults:4 | Noticed Margery
 50208 | Vaults:4 | Killed Margery
 50433 | Vaults:4 | Found Dyibad's Armour Boutique.
 50643 | Vaults:4 | Noticed Saint Roka
 50685 | Vaults:4 | Killed Saint Roka
 51155 | Crypt:1  | Entered Level 1 of the Crypt
 51776 | Crypt:1  | Found a basalt altar of Yredelemnul.
 53277 | Crypt:2  | Noticed Zenata
 53324 | Crypt:2  | Killed Zenata
 53742 | Crypt:2  | Noticed a dread lich
 53759 | Crypt:2  | Killed a dread lich
 53778 | Crypt:2  | Identified the +5 flail "Orb Guardian's Regret" {heavy,
                  | *Corrode rElec rF- Int+7}
 53792 | Crypt:2  | Reached XP level 23. HP: 238/238 MP: 9/27
 53884 | Crypt:3  | Entered Level 3 of the Crypt
 54085 | Crypt:3  | Noticed Sojobo
 54126 | Crypt:3  | Killed Sojobo
 54449 | Crypt:3  | Noticed a dread lich
 54467 | Crypt:3  | Killed a dread lich
 54735 | Crypt:3  | Found a staircase to the Tomb.
 55411 | Crypt:3  | Found an ancient bone altar of Kikubaaqudgha.
 55463 | Crypt:3  | Identified the ring "Exioc" {Fly rPois}
 55488 | Crypt:3  | Noticed Jory
 55651 | Crypt:3  | Killed Jory
 55811 | Crypt:3  | Found the +3 Elemental Staff {rElec rF+ rC+ AC+3}
 56671 | Vaults:1 | Found a one-way gate to the infinite horrors of the Abyss.
 56944 | Vaults:1 | Reached XP level 24. HP: 249/249 MP: 9/27
 56945 | Vaults:1 | Reached XP level 25. HP: 257/257 MP: 9/27
 56946 | Vaults:1 | Reached XP level 26. HP: 266/266 MP: 9/27
 56983 | Vaults:1 | Killed Squincus's ghost
 57181 | Depths:1 | Entered Level 1 of the Depths
 57181 | Depths:1 | Identified the +2 robe of Cloud Cover {rC+}
 57198 | Depths:1 | Found a gateway to Hell.
 57240 | Depths:1 | Noticed the Enchantress
 57251 | Depths:1 | Killed the Enchantress
 57405 | Depths:1 | Identified the ring of Uzashoir {Fly Dex+3}
 57493 | Depths:1 | Identified the +4 whip "Doich" {flame, Str+3}
 57903 | Depths:1 | Acquired the scarf of Watchfulness {+Inv, rCorr Slay+2}
 57952 | Depths:1 | Identified the +2 cloak of Carved Awe {rF+ rCorr}
 58053 | Depths:1 | Found a one-way gateway to a ziggurat.
 58127 | Depths:1 | Found a transporter.
 58263 | Depths:1 | Found a transporter.
 58265 | Depths:1 | Identified the amulet of Rulaump {Spirit Rampage rC+ Will++
                  | Stlth-}
 58265 | Depths:1 | Identified the ring of Bilisygry {rElec rPois rF+ rC- rN++}
 58576 | Depths:1 | Reached XP level 27. HP: 153/273 MP: 1/27
 59558 | Depths:2 | Found Obuppik's Armour Emporium.
 61287 | Depths:2 | Found Xiptusix's Book Shoppe.
 61307 | Depths:2 | Found Rorea's Antique Weapon Emporium.
 61714 | Depths:2 | Found Kock's Weapon Boutique.
 61727 | Depths:2 | Found Dymiuh's Magic Scroll Shoppe.
 61731 | Depths:2 | Bought a scroll of fear for 84 gold pieces
 61731 | Depths:2 | Bought a scroll of teleportation for 63 gold pieces
 61731 | Depths:2 | Bought a scroll of blinking for 157 gold pieces
 61731 | Depths:2 | Bought a scroll of teleportation for 63 gold pieces
 61731 | Depths:2 | Bought a scroll of blinking for 157 gold pieces
 62697 | Depths:3 | Found an ancient bone altar of Kikubaaqudgha.
 63709 | Depths:4 | Entered Level 4 of the Depths
 64156 | Depths:4 | Found Aroithoc's Distillery.
 64156 | Depths:4 | Found Wateg's Magic Scroll Shoppe.
 64166 | Depths:4 | Bought a scroll of enchant armour for 112 gold pieces
 64166 | Depths:4 | Bought 2 scrolls of fog for 120 gold pieces
 64166 | Depths:4 | Bought 2 scrolls of poison for 120 gold pieces
 64166 | Depths:4 | Bought a scroll of fog for 60 gold pieces
 64166 | Depths:4 | Bought a scroll of magic mapping for 112 gold pieces
 64166 | Depths:4 | Bought a scroll of enchant armour for 112 gold pieces
 64166 | Depths:4 | Bought a scroll of teleportation for 45 gold pieces
 64172 | Depths:4 | Bought a potion of curing for 42 gold pieces
 64172 | Depths:4 | Bought a potion of heal wounds for 70 gold pieces
 64172 | Depths:4 | Bought a potion of resistance for 140 gold pieces
 64255 | Depths:4 | Identified the +4 short sword of the Building Visionary
                  | {flame, Str+3 SInv}
 64949 | Depths:4 | Noticed Vv
 65016 | Depths:4 | Killed Vv
 65233 | Depths:4 | Found an ornate altar of the Wu Jian Council.
 65396 | Depths:4 | Found a gate to the Realm of Zot.
 65787 | Vaults:5 | Entered Level 5 of the Vaults
 66585 | Vaults:5 | Noticed a dread lich
 66593 | Vaults:5 | Killed a dread lich
 66666 | Vaults:5 | Noticed Boris
 66687 | Vaults:5 | Killed Boris
 66774 | Vaults:5 | Identified Tiann's Folio of Shifting Incineration
 66810 | Vaults:5 | Got a silver rune of Zot
 67088 | Vaults:5 | Identified the +1 rapier of the Growing Gods {flame, rElec}
 67113 | Vaults:5 | Identified the ring "Kotsyos" {rF++ rC+ Will+}
 67380 | Vaults:5 | Noticed Mennas
 67427 | Vaults:5 | Killed Mennas
 68021 | Vaults:5 | Identified the +0 ring mail "Vetogoek" {*Slow rC+ Str+4}
 68177 | Vaults:5 | Identified the +8 arbalest of Gallantry {freeze, Fly Dex+6}
 68177 | Vaults:5 | Identified the +9 mace of Dominance {protect, Drain rF+
                  | rN+}
 69006 | Vaults:5 | Identified the +2 trident of Wucle {spect, rF+}
 69037 | Vaults:5 | Acquired the ring "Qoyriafi" {Contam +Blink Will++ Str+8
                  | Slay+4}
 69377 | Zot:1    | Entered Level 1 of the Realm of Zot
 69426 | Zot:1    | Acquired the +1 pair of boots of the Four Xalams {rElec
                  | Str+5}
 72174 | Zot:3    | Found a runed translucent gate.
 72174 | Zot:3    | Found a runed translucent gate.
 72174 | Zot:3    | Found a runed translucent gate.
 72176 | Zot:3    | Found an opulent altar of Gozag.
 72178 | Zot:3    | Found Rulehaef's Assorted Antiques.
 72178 | Zot:3    | Noticed Foeroudum's ghost (master MfBe)
 72179 | Zot:3    | Found Woywi's Assorted Antiques.
 75183 | Zot:3    | Killed Foeroudum's ghost
 75374 | Zot:3    | Bought a wand of digging (5) for 525 gold pieces
 75379 | Zot:3    | Bought a scroll of teleportation for 138 gold pieces
 75379 | Zot:3    | Bought a scroll of teleportation for 138 gold pieces
 76021 | Elf:2    | Bought a wand of acid (5) for 336 gold pieces
 76021 | Elf:2    | Bought a wand of roots (4) for 153 gold pieces
 76436 | Zot:5    | Entered Level 5 of the Realm of Zot
 76968 | Zot:5    | Noticed an orb of fire
 76988 | Zot:5    | Killed an orb of fire
 76995 | Zot:5    | Noticed an ancient lich
 77016 | Zot:5    | Killed an ancient lich
 77763 | Zot:5    | Noticed an ancient lich
 77767 | Zot:5    | Noticed a dread lich
 77773 | Zot:5    | Noticed a dread lich
 77778 | Zot:5    | Killed an ancient lich
 77789 | Zot:5    | Killed a dread lich
 77801 | Zot:5    | Killed a dread lich
 77896 | Zot:5    | Reached ****** piety under Ashenzari
 78299 | Zot:5    | Noticed an orb of fire
 78305 | Zot:5    | Noticed a dread lich
 78314 | Zot:5    | Killed an orb of fire
 78315 | Zot:5    | Reached skill level 10 in Evocations
 78317 | Zot:5    | Noticed an ancient lich
 78319 | Zot:5    | Killed a dread lich
 78332 | Zot:5    | Killed an ancient lich
 78334 | Zot:5    | Noticed an orb of fire
 78345 | Zot:5    | Killed an orb of fire
 78882 | Zot:5    | Got the Orb of Zot
 79157 | Depths:2 | Noticed Zemir the pandemonium lord
 79408 | D:$      | Escaped with the Orb!

Illustrated notes

Levels and vault maps discovered:
D:1:      dpeg_arrival_shelter, layout_loops_cross, serial_park_tiny_2,
          skrybe_limestone_x
D:2:      layout_rooms, uniq_jessica
D:3:      layout_basic, mainiacjoe_overflow_chevrons, grunt_ministairs_12,
          hangedman_abyss_or_decor_stabs, wander_ebering_terrifying_dragon_lair
D:4:      layout_loops_cross, old_standard_altar, zin_scriptorium,
          uniq_blork_the_orc
D:5:      layout_cave_pools, kennysheep_mini_moat, kennysheep_windowed_goal
D:6:      minmay_skewed_foursquare, layout_loops_ring,
          mainiacjoe_overflow_alcove_1, minmay_temple_entry_fiery, serial_shops,
          shop, nicolae_shop_rolling_square, shop, uniq_duvessa
D:7:      layout_basic, minmay_manual_mess
D:8:      layout_basic, nicolae_uskayaw_dance_hall,
          nicolae_overflow_hidden_temple, enter_bailey_2,
          nicolae_ossuary_entry_plus, uniq_erica, uniq_grum
D:9:      layout_rooms, nicolae_zen_rock_garden, uniq_pikel
D:10:     cheibrodos_statue_roulette, layout_irregular_city, lemuel_round_altar,
          nicolae_elyvilon_peaceful_grove, erik_lair_island
D:11:     layout_rooms, enter_trove_1, minmay_liquid_box, library_closet
D:12:     minmay_textured_paths, layout_rooms, david_orc_5
D:13:     layout_long_grid, erik_vaults_1
D:14:     layout_irregular_city, fedhas_altar_3, uniq_snorg
D:15:     grunt_enter_depths_snipers, layout_gridville,
          minmay_misc_feat_pillars, serial_shops, shop, uniq_roxanne,
          uniq_agnes, uniq_nessos, uniq_louise
Lair:1:   layout_hall_layers, basic_altar, lemuel_fruit_fields,
          lemuel_fruit_tree
Lair:2:   layout_gridlike, palyth_hydra_swamp_entry,
          hellmonk_spider_entry_not_the_bees, lemuel_fruit_fields,
          serial_bayou_shore_b, uniq_fannar
Lair:3:   pond_and_an_island_with_a_cottage, layout_cave_pods,
          nicolae_volcano_entry_lava_flow, nicolae_quartered_pool_impasse,
          grunt_megastairs_2, infiniplex_staircase_pool_2
Lair:4:   layout_loops_ring, grunt_megastairs_1, lemuel_fruit_fields,
          serial_bayou_shore_a
Lair:5:   hangedman_lair_in_review, layout_long_grid, guppyfry_lair_end_dragon,
          nicolae_slime_entry_field_trip
Swamp:1:  layout_basic_swamp, hangedman_swamp_blocks
Swamp:2:  layout_basic_swamp, hangedman_swamp_ruin_wall, uniq_kirke,
          uniq_mlioglotl
Swamp:3:  layout_basic_swamp, serial_swamp_ruin, evilmike_swamp_ruin_rubble_1,
          evilmike_swamp_ruin_house_6, kb_tengu_band, uniq_donald
Swamp:4:  nzn_swamp_witches_coven, layout_basic_swamp
Spider:1: spiders_nest_a
Spider:2: layout_chambers
Spider:3: layout_spider_delve, uniq_asterion
Spider:4: johnstein_spider_rune_arachne_lair
Orc:1:    layout_diamond_mine
Orc:2:    pf_orc_diabolical, layout_diamond_mine
Elf:1:    nicolae_elf_arrival_no_cutting_in_line, layout_loops_corners,
          orc_legates, uniq_jorgrun
Elf:2:    elven_hall_of_blades_hangedman_original
          [nicolae_blade_entry_splitting_headache], layout_loops_corners,
          serial_shops, shop, nicolae_shop_temple_entry_statues_fountains,
          nicolae_shop_stone, nicolae_shop_mannequins
Elf:3:    minmay_elf_hall_spiked, layout_geoelf_diagonals,
          hellmonk_ghost_happy_afterlife
Vaults:1: gammafunk_ghost_abyssal_escape, grunt_vaults_focal,
          nicolae_vaults_rhombus_7, ontoclasm_vaults_gateway,
          nicolae_vaults_more_shelving_1, nicolae_vaults_oval_intersection,
          grunt_vaults_trifunnel, nicolae_vaults_arrows,
          nicolae_vaults_hexular_roomagon, serial_ice_h, ontoclasm_vaults_fault,
          st_more_cells, nicolae_vaults_wine_cellar,
          nicolae_vaults_little_squares_1, nicolae_vaults_six-pack,
          nicolae_vaults_house_1, nicolae_vaults_tangram_1,
          layout_vaults_omnibox, serial_shops, shop
Vaults:2: vaults_dpeg_encased_lava, v_misc_30, hangedman_vaults_capsules,
          st_cells, nicolae_vaults_double_plus_1, v_misc_19,
          nicolae_vaults_diamond_2, nicolae_vaults_specimen_jars,
          layout_vaults_omnigrid
Vaults:3: nicolae_vaults_swerve, vaults_room_semicircle,
          minmay_crypt_entry_simple_round, nicolae_vaults_trapezoid_lopsided_3,
          ontoclasm_vaults_shuriken, nicolae_vaults_storage_room_glass,
          vaults_room_semicircle, nicolae_vaults_ring_of_whatevers,
          vaults_standard_mumra_x, v_pattern_1, nicolae_vaults_network_square,
          nicolae_vaults_house_1, hangedman_vaults_locks, vaults_room_door_ring,
          layout_vaults_maze_bifur
Vaults:4: nicolae_vaults_twisting_passages, nicolae_vaults_trapezoid_1,
          ontoclasm_vaults_shout, nicolae_vaults_big_angled_halls,
          nicolae_vaults_trapezoid_4, v_misc_3,
          ontoclasm_vaults_decontamination,
          vaults_standard_mumra_enter_the_diamond,
          nicolae_vaults_three_branches, v_misc_5,
          nicolae_vaults_taking_the_gang_shopping, vaults_room_stairs_pillars,
          layout_vaults_omnicross, uniq_bai_suzhen, uniq_saint_roka,
          uniq_margery
Vaults:5: uniq_mennas, uniq_boris
Crypt:1:  layout_gridlike, basic_altar
Crypt:2:  layout_gridlike, weyrava_lich_vault, roderic_lattice_octagonal_star,
          uniq_zenata
Crypt:3:  church_of_pain_bobbens, layout_chaotic_city, uniq_sojobo
Depths:1: gammafunk_dig_for_victory, layout_gridlike, enter_ziggurat_e,
          infiniplex_staircase_pool_lava, hell_entry, abyss_entry,
          due_unseen_surprise, uniq_enchantress
Depths:2: wad_courtyard, layout_cave_pools, pf_coc_iceberg,
          grunt_pan_entry_zigzag, serial_shops, shop, nicolae_diamond_shop,
          shop, nicolae_shop_pleasant_corner_grove, shop,
          statue_in_the_mist_lemuel
Depths:3: grunt_bruiser_brothers, layout_basic, marbit_kobold_abyss_entry,
          pf_dread_powers_of_hell, kiku_gazebo_pond_becter, serial_bayou_shore_b
Depths:4: grunt_zot_entry_bicorn, layout_honeycomb, lightli_too_deep, pan_entry,
          nicolae_wu_jian_immortal_techniques, minmay_shoptagon, uniq_vv
Zot:1:    layout_misc_corridors, st_large_dragon_hoard_3, grunt_megastairs_4
Zot:2:    layout_misc_corridors, guppyfry_library_mini
Zot:3:    layout_gridville, ebering_ghost_gozag
Zot:4:    kennysheep_spiral_hall, layout_misc_corridors, st_stairs_10,
          grunt_megastairs_5
Zot:5:    layout_onion

Skill      XL: |  1  2  3  4  5  6  7  8  9 10 11 12 13 14 15 16 17 18 19 20 21 22 23 24 25 26 27 |
---------------+----------------------------------------------------------------------------------+-----
Fighting       | 1 3 4 5 7 8 10 12 13 17 19 20 22 25 | 25.2
Polearms       | 4 9 10 11 12 13 16 17 21 22 | 22.8
Armour         | 3 6 14 15 16 17 19 21 22 23 25 | 25.0
Dodging        | 4 7 9 10 13 15 22 | 22.4
Shields        | 9 12 14 17 18 25 | 25.1
Evocations     | 3 5 6 7 8 12 | 12.1
Throwing       | 3 |  3.2
Stealth        | |  1.5
Spellcasting   | |  1.5
Transmutations | |  0.6
Earth Magic    | |  3.0

Action                     |  1- 3 |  4- 6 |  7- 9 | 10-12 | 13-15 | 16-18 | 19-21 | 22-24 | 25-27 || total
---------------------------+-------+-------+-------+-------+-------+-------+-------+-------+-------++-------
  Melee: Dagger            |     4 |       |       |       |       |       |       |       |       ||     4
         Spear             |       |       |    73 |       |       |       |       |       |       ||    73
         Trident           |       |       |    75 |   599 |  1673 |  2475 |  2478 |  2036 |  5162 || 14498
   Fire: Sling             |    31 |   102 |    89 |    47 |       |       |       |       |       ||   269
  Throw: Dart              |       |       |       |       |     2 |       |       |       |       ||     2
         Javelin           |       |       |       |       |       |     5 |     1 |     1 |       ||     7
   Cast: Sandblast         |    23 |       |       |       |       |       |       |       |       ||    23
 Invoke: Curse Item        |       |       |     2 |     7 |     4 |     3 |     2 |       |     5 ||    23
         Shatter the Chain |       |       |       |     2 |     2 |     3 |     2 |       |     4 ||    13
  Evoke: Wand              |       |       |     2 |     2 |     6 |     5 |     6 |     3 |    13 ||    37
         Phantom mirror    |       |       |       |       |       |     3 |       |     1 |     1 ||     5
         Lightning rod     |       |       |       |       |       |     2 |     6 |     5 |     6 ||    19
         Tin of tremorston |       |       |       |       |       |     2 |     2 |     2 |     2 ||     8
    Use: Scroll            |     4 |     6 |     1 |     1 |    10 |     3 |     3 |     3 |    16 ||    47
         Potion            |       |     2 |     7 |     1 |     1 |     3 |       |     6 |    22 ||    42
   Stab: Sleeping          |       |       |       |     1 |       |       |       |       |       ||     1
         Petrified         |       |       |       |       |     2 |       |       |       |     1 ||     3
         Distracted        |       |       |       |       |       |     3 |       |       |     1 ||     4
         Invisible         |       |       |       |       |       |       |       |     8 |     7 ||    15
         Petrifying        |       |       |       |       |       |       |       |       |     2 ||     2
 Armour: Robe              |     3 |    11 |    28 |    51 |       |       |       |       |       ||    93
         Plate armour      |       |       |       |    62 |   304 |   512 |   342 |   340 |   972 ||  2532
  Dodge: Dodged            |     7 |    22 |    75 |   164 |   191 |   398 |   358 |   391 |  1391 ||  2997
         Repelled          |       |       |       |       |     2 |     2 |       |       |       ||     4
  Block: Orb               |       |     6 |    31 |    50 |       |       |       |       |       ||    87
         Reflection        |       |       |     3 |    14 |    13 |    47 |   115 |    30 |     5 ||   227
         Kite shield       |       |       |       |    98 |   711 |    76 |       |       |       ||   885
         Tower shield      |       |       |       |       |       |  1923 |  1656 |  1718 |  3527 ||  8824
